[Event "Polish Youth 1st League 2022"]
[Site "Lublin"]
[Date "2022.07.02"]
[Round "8.7"]
[White "Suder, Jakub"]
[Black "Klim, Filip"]
[Result "1/2-1/2"]
[ECO "D20"]
[WhiteElo "2306"]
[BlackElo "2015"]
[Annotator "TA"]
[PlyCount "132"]
[EventDate "2022.06.24"]
[EventType "team-tourn"]
[EventCountry "POL"]
[SourceTitle "playchess.com"]
[Source "ChessBase"]
[SourceQuality "1"]
[TimeControl "40/5400+30:1800+30"]

1. d4 d5 2. c4 dxc4 3. e4 e5 4. Nf3 Bb4+ 5. Bd2 Bxd2+ 6. Qxd2 exd4 7. Qxd4 Nf6 8. Qxd8+ {[%emt 0:00:53] D20: Queen's Gambit Accepted: 3 e3 and 3 e4.} Kxd8 9. Nc3 {[%emt 0:01:46] next e5 is good for White.} Be6 10. Ng5 Nbd7 11. Nxe6+ fxe6 12. Bxc4 Ke7 {[%emt 0:00:56] [#]} 13. Rd1 $146 ({Predecessor:} 13. Be2 c6 14. Kd2 e5 15. Ke3 Nc5 16. h4 Rhd8 17. Rad1 a5 18. g3 Rxd1 19. Rxd1 {½-½ (27) Turov,M (2609)-Predojevic,B (2631) Norway 2015}) 13... Ne5 14. Be2 g5 15. f3 h5 16. Kf2 a6 17. Ke3 Rad8 18. Na4 Nfd7 19. Rc1 b5 (19... c6 $1 $11) 20. Nc5 $16 c6 {[%emt 0:07:53] [#]} 21. h4 (21. Nxd7 $1 $16 Rxd7 22. h4 gxh4 23. Rxh4) 21... gxh4 $1 $14 22. Nxd7 Kxd7 23. Rcd1+ Ke7 24. Rxd8 Kxd8 25. Rxh4 $11 {[%emt 0:00:38][%mdl 4096] Endgame KRB-KRN} Ng6 26. Rh1 e5 {[%emt 0:00:22] Prevents f4.} 27. g3 h4 28. gxh4 Rxh4 29. Rxh4 Nxh4 {[%emt 0:00:03] KB-KN} 30. Bf1 {[%emt 0:00:45] Prevents Ng2+.} Ng6 31. Bh3 Nf4 32. Bg4 c5 33. Kd2 Kc7 34. Bf5 Kb6 35. a3 (35. b3 $11 {keeps the balance.}) 35... a5 (35... c4 $17) 36. Kc2 c4 {[%emt 0:02:40] [#] aiming for ...b4.} 37. b4 $1 cxb3+ 38. Kxb3 Kc5 39. Bg4 Ne2 40. Bh5 Kd4 41. Be8 Kc5 42. Bh5 $1 b4 43. axb4+ axb4 44. Kc2 Kc4 ({Reject} 44... Nd4+ $6 45. Kd3 $17) 45. Bf7+ Kd4 46. Bh5 Nf4 47. Be8 Ne6 48. Bh5 Nc5 {[%emt 0:01:56] And now ...b3+ would win.} 49. Bf7 {[%emt 0:00:50] Prevents b3+.} Ke3 50. Bh5 Kd4 {[%emt 0:04:32] Hoping for ...b3+.} 51. Bf7 {[%emt 0:00:09] Against b3+} Nd3 (51... b3+ {is more complex.} 52. Kd2 b2 53. Kc2 Nd3) 52. Kd2 Nf4 53. Kc2 Kc5 54. Kd2 Kb5 {[%emt 0:01:58] White must now prevent ...Ka4.} 55. Be8+ Kc4 56. Bf7+ Kd4 57. Kc2 Ng2 58. Bh5 (58. Kd2 $11) 58... Ne3+ ({Black should try} 58... Kc5 $1 $15) 59. Kb2 Nc4+ 60. Kc2 {[%emt 0:00:53] The position is equal.} Na5 61. Bf7 {[%emt 0:00:44] Inhibits b3+.} Nc6 62. Kd2 Ne7 63. Be6 Nc6 64. Bf7 $1 Na5 {[%emt 0:00:06] ( -> ...b3)} 65. Kc2 {[%emt 0:00:34] Against b3+} Ke3 66. Bh5 Kd4 {[%emt 0:01:11] Weighted Error Value: White=0.10 (very precise) /Black=0.14 (very precise)} 1/2-1/2

[Event "Polish Youth 1st League 2022"]
[Site "Lublin"]
[Date "2022.07.02"]
[Round "8.8"]
[White "Bartodziej, Bartosz"]
[Black "Dziewonski, Dariusz"]
[Result "1/2-1/2"]
[ECO "D30"]
[WhiteElo "1902"]
[BlackElo "1976"]
[Annotator "RC"]
[PlyCount "119"]
[EventDate "2022.06.24"]
[EventType "team-tourn"]
[EventCountry "POL"]
[SourceTitle "playchess.com"]
[Source "ChessBase"]
[SourceQuality "1"]
[TimeControl "40/5400+30:1800+30"]

1. d4 d5 2. c4 e6 3. Nf3 Nf6 4. g3 Bb4+ 5. Bd2 Bd6 6. Nc3 c6 7. Bg2 O-O 8. O-O Ne4 9. Nxe4 dxe4 10. Ne1 f5 11. f3 e5 12. fxe4 exd4 13. exf5 Bxf5 14. Nd3 Nd7 15. Qb3 Qb6 16. Bb4 Nc5 17. Qa3 Bxd3 18. exd3 a5 19. Bxc5 Bxc5 20. Qb3 Qxb3 21. axb3 Bb4 22. Be4 g6 23. Kg2 Bd2 24. h3 Kg7 25. Bf3 Rae8 26. Be4 Bb4 27. Rxf8 Rxf8 28. Bf3 Kf6 29. Be4 Ke5 30. Rf1 Rxf1 31. Kxf1 Bd2 32. Ke2 Bc1 33. h4 Bxb2 34. Kf3 Kd6 35. Ke2 Ke5 36. Kf3 Bc3 37. g4 Kd6 38. Ke2 b5 39. cxb5 cxb5 40. Kd1 Kc5 41. Kc2 Kb4 42. h5 gxh5 43. gxh5 h6 44. Bc6 Be1 45. Bd7 Bg3 46. Be8 a4 47. bxa4 bxa4 48. Bd7 Be1 49. Be8 Ka5 50. Bd7 Kb4 51. Be8 a3 52. Bf7 Kc5 53. Kb3 Bb4 54. Bg6 Kd6 55. Ka2 Ke5 56. Kb3 Bf8 57. Ka2 Kf4 58. Kb3 Ke3 59. Ka2 Kd2 60. Bf5 1/2-1/2

[Event "Polish Youth 1st League 2022"]
[Site "Lublin"]
[Date "2022.07.02"]
[Round "8.9"]
[White "Maj, Samuel"]
[Black "Nawalaniec, Adam"]
[Result "1-0"]
[ECO "E94"]
[WhiteElo "1906"]
[BlackElo "1740"]
[Annotator "RC"]
[PlyCount "77"]
[EventDate "2022.06.24"]
[EventType "team-tourn"]
[EventCountry "POL"]
[SourceTitle "playchess.com"]
[Source "ChessBase"]
[SourceQuality "1"]
[TimeControl "40/5400+30:1800+30"]

1. d4 d6 2. Nf3 g6 3. c4 Bg7 4. Nc3 Nf6 5. e4 O-O 6. Be2 e5 7. O-O Nbd7 8. Be3 Re8 9. d5 a5 10. Nd2 Nf8 11. c5 dxc5 12. Bxc5 N6d7 13. Be3 f5 14. f3 f4 15. Bf2 Nf6 16. Rc1 Re7 17. Nb5 Ne8 18. Qc2 g5 19. Rfd1 b6 20. d6 cxd6 21. Nc4 Ba6 22. Nbxd6 Qc7 23. Qb3 a4 24. Qb4 Rd8 25. Bxb6 Qb8 26. Qa5 Rxd6 27. Qxa6 Rc6 28. Qb5 Ree6 29. Rd8 Qb7 30. Qb4 Nd6 31. Bc5 Qxb4 32. Bxb4 Nb5 33. Bd1 Nd4 34. Kf2 Ra6 35. Ba3 Nb5 36. Bc5 Rec6 37. b4 axb3 38. Bxb3 Bf6 39. Nxe5+ 1-0

[Event "Polish Youth 1st League 2022"]
[Site "Lublin"]
[Date "2022.07.02"]
[Round "8.10"]
[White "Kowalski, Witold"]
[Black "Jamrozik, Maciej"]
[Result "1-0"]
[ECO "C10"]
[WhiteElo "1613"]
[BlackElo "1251"]
[Annotator "NA RC"]
[PlyCount "87"]
[EventDate "2022.06.24"]
[EventType "team-tourn"]
[EventCountry "POL"]
[SourceTitle "playchess.com"]
[Source "ChessBase"]
[SourceQuality "1"]
[TimeControl "40/5400+30:1800+30"]

1. e4 e6 2. d4 d5 3. Nc3 dxe4 4. Nxe4 Nd7 5. Nf3 Ngf6 6. Ng3 c5 7. dxc5 Bxc5 8. Bd3 O-O 9. O-O b6 10. Re1 Bb7 11. h3 Qc7 12. Ne4 Nxe4 13. Bxe4 Bxe4 14. Rxe4 Nf6 15. Re1 Rad8 16. Qe2 h6 17. c3 a5 18. Be3 Bxe3 19. Qxe3 Rd5 20. Nd4 Rfd8 21. a4 Nd7 22. Nxe6 fxe6 23. Qxe6+ Kh8 24. Qxd5 Nf6 25. Qf3 Rf8 26. Qg3 Qb7 27. Qd6 Qa8 28. Rad1 Rc8 29. Qxb6 Nd5 30. Qd4 Nf6 31. Re6 Rf8 32. Rd6 Qb7 33. Rd8 Rxd8 34. Qxd8+ Kh7 35. Qxa5 Qxb2 36. Qf5+ Kh8 37. Rd8+ Ng8 38. Qf8 Qc1+ 39. Kh2 Kh7 40. Qxg8+ Kg6 41. Qe6+ Kh5 42. Rd5+ g5 43. Qf7+ Kh4 44. g3# 1-0

[Event "Polish Youth 1st League 2022"]
[Site "Lublin"]
[Date "2022.07.02"]
[Round "8.11"]
[White "Uliasz, Katarzyna"]
[Black "Kudlak, Julia"]
[Result "0-1"]
[ECO "A15"]
[WhiteElo "1526"]
[BlackElo "1654"]
[Annotator "NA RC"]
[PlyCount "96"]
[EventDate "2022.06.24"]
[EventType "team-tourn"]
[EventCountry "POL"]
[SourceTitle "playchess.com"]
[Source "ChessBase"]
[SourceQuality "1"]
[TimeControl "40/5400+30:1800+30"]

1. c4 Nf6 2. g3 g6 3. Bg2 Bg7 4. Nc3 c5 5. e3 O-O 6. Nge2 d6 7. O-O Nc6 8. Nd5 Nxd5 9. cxd5 Nb4 10. d4 b6 11. a3 Na6 12. Rb1 Nc7 13. dxc5 bxc5 14. b4 cxb4 15. Nd4 bxa3 16. Nc6 a2 17. Ra1 Bxa1 18. Nxd8 Bf6 19. Bb2 Bxb2 20. Qa4 a1=Q 21. Rxa1 Bxa1 22. Qxa1 Rxd8 23. Qa5 Bd7 24. h4 Ne8 25. h5 gxh5 26. e4 f6 27. f4 Rdc8 28. Qd2 a5 29. e5 Bg4 30. Be4 f5 31. Bc2 a4 32. exd6 Nxd6 33. Bb1 a3 34. Ba2 Bf3 35. Qe1 Be4 36. Qd1 Rc2 37. Qxh5 Rxa2 38. Qg5+ Kf8 39. Qh6+ Ke8 40. Qe6 Rg2+ 41. Kf1 Rxg3 42. Qe5 Rc8 43. Qa1 a2 44. Qh8+ Kd7 45. Qb2 Rc2 46. Qe5 Bd3+ 47. Qe2 a1=Q+ 48. Kf2 Qg1# 0-1

[Event "Polish Youth 1st League 2022"]
[Site "Lublin"]
[Date "2022.07.02"]
[Round "8.12"]
[White "Dzierzgowska, Jagoda"]
[Black "Tokarz, Gabriela"]
[Result "0-1"]
[ECO "D15"]
[WhiteElo "1267"]
[BlackElo "1469"]
[Annotator "NA RC"]
[PlyCount "68"]
[EventDate "2022.06.24"]
[EventType "team-tourn"]
[EventCountry "POL"]
[SourceTitle "playchess.com"]
[Source "ChessBase"]
[SourceQuality "1"]
[TimeControl "40/5400+30:1800+30"]

1. d4 d5 2. c4 dxc4 3. Nf3 Nf6 4. Nc3 c6 5. Bf4 Nd5 6. Bg3 b5 7. e4 Nxc3 8. bxc3 Bg4 9. Be2 e6 10. a4 Bd6 11. O-O Bxg3 12. hxg3 O-O 13. Nd2 Bxe2 14. Qxe2 Nd7 15. Rfb1 a6 16. Nf1 Nb6 17. axb5 cxb5 18. Ne3 Qc7 19. Ra3 Nd7 20. Qa2 Qb7 21. f3 e5 22. Nc2 exd4 23. Nxd4 Nc5 24. Kf1 Qc7 25. Nxb5 Qxg3 26. Nd4 Nd3 27. Nf5 Qh2 28. Ne3 Rfd8 29. Ra4 h6 30. Rxc4 Qh1+ 31. Ke2 Nf4+ 32. Kf2 Nd3+ 33. Ke2 Qh4 34. Rf1 Nf4# 0-1

[Event "Polish Youth 1st League 2022"]
[Site "Lublin"]
[Date "2022.07.02"]
[Round "8.13"]
[White "Kania, Dominik"]
[Black "Wojdak, Jan"]
[Result "1-0"]
[ECO "B01"]
[WhiteElo "1872"]
[BlackElo "2144"]
[Annotator "RC"]
[PlyCount "105"]
[EventDate "2022.06.24"]
[EventType "team-tourn"]
[EventCountry "POL"]
[SourceTitle "playchess.com"]
[Source "ChessBase"]
[SourceQuality "1"]
[TimeControl "40/5400+30:1800+30"]

1. e4 d5 2. exd5 Qxd5 3. Nf3 Nf6 4. d4 Qd8 5. Bc4 e6 6. O-O Be7 7. Ne5 Nbd7 8. Bf4 c5 9. dxc5 Bxc5 10. Nc3 a6 11. Qf3 O-O 12. Rad1 Be7 13. Rd3 Qa5 14. Nxd7 Bxd7 15. Qxb7 Qc5 16. Bb3 Bc6 17. Qc7 Rac8 18. Qe5 Qa7 19. Rg3 Ne8 20. Ne4 Qb7 21. Bh6 f6 22. Bxe6+ Kh8 23. Bxc8 fxe5 24. Bxb7 Bxb7 25. Bg5 Bxe4 26. Bxe7 Rf7 27. Ba3 Bxc2 28. Rc1 Rd7 29. Rc3 Bg6 30. Rc5 e4 31. Re5 h6 32. Re6 Nf6 33. Rxa6 e3 34. Rd6 exf2+ 35. Kf1 Rf7 36. Rd8+ Kh7 37. Kxf2 Ng4+ 38. Kg3 Ne3 39. Rf8 Nf5+ 40. Kf2 Rd7 41. g4 Nd6 42. Bxd6 Rxd6 43. Rcc8 Bb1 44. h4 Kg6 45. Rc5 h5 46. gxh5+ Kh7 47. Rcc8 Kh6 48. Rh8+ Bh7 49. a4 Rb6 50. b4 Rf6+ 51. Ke3 Re6+ 52. Kd4 Re4+ 53. Kc5 1-0

[Event "Polish Youth 1st League 2022"]
[Site "Lublin"]
[Date "2022.07.02"]
[Round "8.14"]
[White "Jendrowiak, Maciej"]
[Black "Lysakowski, Piotr"]
[Result "1-0"]
[ECO "B10"]
[WhiteElo "1713"]
[BlackElo "1542"]
[Annotator "NA RC"]
[PlyCount "83"]
[EventDate "2022.06.24"]
[EventType "team-tourn"]
[EventCountry "POL"]
[SourceTitle "playchess.com"]
[Source "ChessBase"]
[SourceQuality "1"]
[TimeControl "40/5400+30:1800+30"]

1. e4 c6 2. Nf3 d5 3. Nc3 Nf6 4. exd5 cxd5 5. d4 Nc6 6. Bf4 Bg4 7. Be2 Rc8 8. Ne5 Bxe2 9. Nxe2 e6 10. c3 Qb6 11. Rb1 Be7 12. O-O O-O 13. f3 Nxe5 14. Bxe5 Nd7 15. Bg3 Bd6 16. Kh1 a6 17. Qd2 Qc7 18. Rbc1 b5 19. Qd3 Bxg3 20. Nxg3 Qc4 21. Qb1 a5 22. b3 Qc6 23. Qd3 Rc7 24. Rc2 Rfc8 25. Rfc1 Qb6 26. Nf1 Rc6 27. Ne3 Qa6 28. f4 a4 29. f5 Nf6 30. fxe6 Rxe6 31. Re1 axb3 32. axb3 Qa5 33. Kg1 Rce8 34. Rce2 Rc8 35. b4 Qc7 36. Nd1 Ne4 37. Rc2 Rh6 38. h3 Qc4 39. Qxc4 Rxc4 40. Ne3 Rxc3 41. Rxc3 Nxc3 42. Nxd5 1-0

[Event "Polish Youth 1st League 2022"]
[Site "Lublin"]
[Date "2022.07.02"]
[Round "8.15"]
[White "Musial, Igor"]
[Black "Wierzbicki, Dawid"]
[Result "1-0"]
[ECO "B41"]
[WhiteElo "1699"]
[BlackElo "1556"]
[Annotator "NA RC"]
[PlyCount "61"]
[EventDate "2022.06.24"]
[EventType "team-tourn"]
[EventCountry "POL"]
[SourceTitle "playchess.com"]
[Source "ChessBase"]
[SourceQuality "1"]
[TimeControl "40/5400+30:1800+30"]

1. e4 c5 2. Nf3 e6 3. d4 cxd4 4. Nxd4 a6 5. c4 Nf6 6. Nc3 d6 7. Be3 Qc7 8. Be2 b6 9. f3 Bb7 10. O-O Nbd7 11. Rc1 Be7 12. a3 O-O 13. Qd2 Rfc8 14. Rc2 Kh8 15. b4 Qd8 16. Rb1 Ne5 17. Na4 Ned7 18. Qc1 Rab8 19. Nb3 Qc7 20. Rbb2 Bc6 21. b5 Bb7 22. bxa6 Bxa6 23. c5 b5 24. Nb6 Rd8 25. Nxd7 Qxd7 26. c6 Qc7 27. Nd4 d5 28. e5 Ne8 29. Rb3 Rdc8 30. f4 Qd8 31. a4 1-0

[Event "Polish Youth 1st League 2022"]
[Site "Lublin"]
[Date "2022.07.02"]
[Round "8.16"]
[White "Oles, Mateusz"]
[Black "Rozek, Michal"]
[Result "0-1"]
[ECO "C54"]
[WhiteElo "1201"]
[BlackElo "1533"]
[Annotator "NA RC"]
[PlyCount "64"]
[EventDate "2022.06.24"]
[EventType "team-tourn"]
[EventCountry "POL"]
[SourceTitle "playchess.com"]
[Source "ChessBase"]
[SourceQuality "1"]
[TimeControl "40/5400+30:1800+30"]

1. e4 e5 2. Nf3 Nc6 3. Bc4 Bc5 4. c3 Nf6 5. d4 exd4 6. cxd4 Bb4+ 7. Nbd2 Nxe4 8. d5 Ne7 9. O-O Bxd2 10. Nxd2 Nxd2 11. Bxd2 d6 12. Bc3 O-O 13. Re1 Bf5 14. Re3 Bg6 15. Qb3 Nf5 16. Re2 Rb8 17. Rae1 b5 18. Bd3 b4 19. Bxf5 bxc3 20. Qc2 Rxb2 21. Qd3 Rxe2 22. Rxe2 Bxf5 23. Qxf5 Re8 24. Qd3 Rxe2 25. Qxe2 Qb8 26. g4 g6 27. g5 Qb2 28. Qe8+ Kg7 29. h4 c2 30. Qe7 c1=Q+ 31. Kg2 Qe5 32. Qd8 Qe4+ 0-1

[Event "Polish Youth 1st League 2022"]
[Site "Lublin"]
[Date "2022.07.02"]
[Round "8.17"]
[White "Mroz, Lena"]
[Black "Kroliczek, Gabriela"]
[Result "0-1"]
[ECO "C02"]
[WhiteElo "1719"]
[BlackElo "1934"]
[Annotator "RC"]
[PlyCount "118"]
[EventDate "2022.06.24"]
[EventType "team-tourn"]
[EventCountry "POL"]
[SourceTitle "playchess.com"]
[Source "ChessBase"]
[SourceQuality "1"]
[TimeControl "40/5400+30:1800+30"]

1. e4 e6 2. d4 d5 3. e5 c5 4. c3 Nc6 5. Nf3 Bd7 6. a3 c4 7. Nbd2 Nge7 8. h4 Na5 9. g3 Nc8 10. Bh3 Be7 11. O-O Nb6 12. Kh2 Qc7 13. Rg1 h6 14. h5 O-O-O 15. Nf1 Nb3 16. Rb1 Nxc1 17. Qxc1 Kb8 18. Ne3 Rdg8 19. Ng2 Qc8 20. Rf1 Qe8 21. Qd1 g6 22. Bg4 Bd8 23. Nfh4 Rg7 24. Qe2 Rhg8 25. Rbe1 Nc8 26. Qd1 Ne7 27. Ne3 Rf8 28. Kh1 Ng8 29. Nhg2 Bc7 30. Kh2 f5 31. Bf3 Ba4 32. Qe2 g5 33. g4 fxg4 34. Bxg4 Nf6 35. Kg1 Nxg4 36. Qxg4 Qf7 37. Kh2 Be8 38. Rh1 Rh7 39. Ref1 Qxh5+ 40. Qxh5 Bxh5 41. f4 Be2 42. Rf2 Bd3 43. Kg1 Bd8 44. fxg5 Rxf2 45. Kxf2 Bxg5 46. Kg3 Rf7 47. Re1 Kc7 48. Ng4 Be4 49. Nh2 Rg7 50. Kf2 Bxg2 51. Kxg2 Bd2+ 52. Kf1 Bxe1 53. Kxe1 Rg2 54. Nf3 Rxb2 55. Kd1 Ra2 56. Kc1 b5 57. Nh4 Rxa3 58. Kb2 Rb3+ 59. Kc2 a5 0-1

[Event "Polish Youth 1st League 2022"]
[Site "Lublin"]
[Date "2022.07.02"]
[Round "8.18"]
[White "Seemann, Pola"]
[Black "Lajdamik, Kinga"]
[Result "1-0"]
[ECO "C28"]
[WhiteElo "1777"]
[BlackElo "1308"]
[Annotator "NA RC"]
[PlyCount "81"]
[EventDate "2022.06.24"]
[EventType "team-tourn"]
[EventCountry "POL"]
[SourceTitle "playchess.com"]
[Source "ChessBase"]
[SourceQuality "1"]
[TimeControl "40/5400+30:1800+30"]

1. e4 e5 2. Nc3 Nc6 3. Bc4 Nf6 4. d3 Bc5 5. f4 d6 6. Nf3 Bg4 7. Na4 Bb6 8. Bd2 Qd7 9. c3 O-O-O 10. Nxb6+ axb6 11. Qc2 Rhe8 12. Bb5 Bxf3 13. gxf3 Qh3 14. O-O-O Qxf3 15. f5 Nd7 16. Rhg1 Rg8 17. Rg3 Qh5 18. Be3 g6 19. Qg2 f6 20. Bc4 Rg7 21. Bf7 Nf8 22. Rg1 Rxf7 23. Rh3 Qxh3 24. Qxh3 g5 25. Qf1 h5 26. Qd1 h4 27. h3 Re7 28. Qa4 Kb8 29. c4 Nd7 30. b4 Na7 31. Rg2 Rh7 32. Bg1 c6 33. Rb2 Rhh8 34. Qb3 Kc7 35. a4 Rhf8 36. a5 Nc8 37. axb6+ Ncxb6 38. c5 Nc8 39. Qa4 Nb8 40. cxd6+ Nxd6 41. Bb6+ 1-0

[Event "Polish Youth 1st League 2022"]
[Site "Lublin"]
[Date "2022.07.02"]
[Round "8.19"]
[White "Jedraszek, Pawel"]
[Black "Wieczorek, Mikolaj"]
[Result "1/2-1/2"]
[ECO "B32"]
[WhiteElo "1933"]
[BlackElo "1942"]
[Annotator "RC"]
[PlyCount "135"]
[EventDate "2022.06.24"]
[EventType "team-tourn"]
[EventCountry "POL"]
[SourceTitle "playchess.com"]
[Source "ChessBase"]
[SourceQuality "1"]
[TimeControl "40/5400+30:1800+30"]

1. e4 c5 2. Nf3 Nc6 3. d4 cxd4 4. Nxd4 e5 5. Nb5 d6 6. c4 a6 7. N5c3 Nf6 8. Na3 Be7 9. Be2 O-O 10. Be3 Be6 11. f3 Rc8 12. Qd2 b5 13. cxb5 Nd4 14. bxa6 d5 15. exd5 Nxd5 16. Nxd5 Qxd5 17. Bxd4 exd4 18. O-O Bxa3 19. bxa3 Rc3 20. Rfd1 Rxa3 21. Qxd4 Qa5 22. Bf1 Ra4 23. Qd2 Qb6+ 24. Qf2 Qa5 25. Rd2 g6 26. Rb2 Rd8 27. Rc2 Bc8 28. a7 Qxa7 29. Qxa7 Rxa7 30. Bc4 Bf5 31. Re2 Rd4 32. Bb3 h5 33. Rae1 Rdd7 34. Kf2 Kg7 35. Kg3 Kf6 36. h4 Rd4 37. Re8 Rc7 38. Rb8 Rd2 39. Rb4 Rcd7 40. Rf1 Be6 41. Rf2 Rxf2 42. Kxf2 Bxb3 43. axb3 Rd2+ 44. Kg3 Rb2 45. Kh3 Rb1 46. g4 hxg4+ 47. fxg4 Rd1 48. Rb5 Kg7 49. b4 Rd4 50. Kg3 Kh7 51. Kf3 Kg7 52. h5 Rc4 53. hxg6 Kxg6 54. g5 f5 55. gxf6 Kxf6 56. Ke3 Ke6 57. Kd3 Rc1 58. Kd4 Kd6 59. Rb8 Kc7 60. Rb5 Kc6 61. Rc5+ Rxc5 62. bxc5 Kc7 63. Kd5 Kd7 64. c6+ Kc7 65. Kc5 Kc8 66. Kb6 Kb8 67. c7+ Kc8 68. Kc6 1/2-1/2

[Event "Polish Youth 1st League 2022"]
[Site "Lublin"]
[Date "2022.07.02"]
[Round "8.20"]
[White "Halhoul, Adam"]
[Black "Klaska, Szymon"]
[Result "1-0"]
[ECO "E47"]
[WhiteElo "1675"]
[BlackElo "1563"]
[Annotator "NA RC"]
[PlyCount "97"]
[EventDate "2022.06.24"]
[EventType "team-tourn"]
[EventCountry "POL"]
[SourceTitle "playchess.com"]
[Source "ChessBase"]
[SourceQuality "1"]
[TimeControl "40/5400+30:1800+30"]

1. d4 Nf6 2. c4 e6 3. Nc3 Bb4 4. e3 O-O 5. Bd3 b6 6. Nge2 Bb7 7. O-O d5 8. a3 Bd6 9. f3 Nbd7 10. e4 dxe4 11. Nxe4 Nxe4 12. Bxe4 Bxe4 13. fxe4 e5 14. d5 Qh4 15. Nc3 Bc5+ 16. Kh1 Nf6 17. Qe1 Qh5 18. Rf5 Qg6 19. Rg5 Qh6 20. Rxe5 Qg6 21. Rg5 Qh6 22. e5 Rae8 23. Qg3 Nh5 24. Qg4 g6 25. Ne4 Be7 26. Rxh5 Qxh5 27. Qxh5 gxh5 28. Bh6 f5 29. Bxf8 Rxf8 30. Nc3 a6 31. Rf1 Kg7 32. g3 Kg6 33. Kg2 h4 34. Ne2 Bg5 35. Nf4+ Bxf4 36. gxf4 Kh5 37. Kh3 Rg8 38. Rf2 Rg1 39. Rg2 Re1 40. Rg5+ Kh6 41. Rxf5 Kg6 42. Rg5+ Kf7 43. Kg4 Rc1 44. b3 Rc3 45. Kf5 Rxb3 46. e6+ Ke7 47. Rg7+ Kd8 48. Kf6 Re3 49. Rg8# 1-0

[Event "Polish Youth 1st League 2022"]
[Site "Lublin"]
[Date "2022.07.02"]
[Round "8.21"]
[White "Ugorek, Kacper"]
[Black "Nagly, Wojciech"]
[Result "1-0"]
[ECO "E04"]
[WhiteElo "1696"]
[BlackElo "1464"]
[Annotator "NA RC"]
[PlyCount "111"]
[EventDate "2022.06.24"]
[EventType "team-tourn"]
[EventCountry "POL"]
[SourceTitle "playchess.com"]
[Source "ChessBase"]
[SourceQuality "1"]
[TimeControl "40/5400+30:1800+30"]

1. d4 Nf6 2. c4 e6 3. Nf3 d5 4. g3 dxc4 5. Bg2 c5 6. Qa4+ Bd7 7. Qxc4 Nc6 8. dxc5 Qa5+ 9. Nbd2 Qxc5 10. Qxc5 Bxc5 11. a3 O-O 12. O-O Rfe8 13. e3 e5 14. b4 Bd6 15. Bb2 h6 16. Nc4 Bc7 17. Rfd1 Bg4 18. h3 Bxf3 19. Bxf3 e4 20. Be2 Rad8 21. Rac1 Rxd1+ 22. Rxd1 Ne5 23. Nd6 Bxd6 24. Rxd6 Re7 25. Bd4 b6 26. Rd8+ Kh7 27. Rc8 Ne8 28. Rc1 Ng6 29. a4 Rc7 30. Rxc7 Nxc7 31. Bc4 f6 32. a5 b5 33. Ba2 Na6 34. Bb1 f5 35. g4 fxg4 36. hxg4 Ne7 37. Bxe4+ Kg8 38. Bxa7 Kf7 39. Bc5 Ke6 40. Bxe7 Kxe7 41. Bb7 Nxb4 42. a6 Nxa6 43. Bxa6 b4 44. Bc4 Kd6 45. f4 Kc5 46. Bf7 Kd6 47. e4 Ke7 48. Bb3 Kd6 49. e5+ Ke7 50. f5 Kf8 51. Kf2 Ke7 52. Kg3 Kf8 53. Kh4 Ke7 54. Kh5 g5 55. fxg6 Kf8 56. Kxh6 1-0

[Event "Polish Youth 1st League 2022"]
[Site "Lublin"]
[Date "2022.07.02"]
[Round "8.22"]
[White "Gibala, Adam"]
[Black "Dobosiewicz, Dawid"]
[Result "1/2-1/2"]
[ECO "B48"]
[WhiteElo "1516"]
[BlackElo "1795"]
[Annotator "NA RC"]
[PlyCount "108"]
[EventDate "2022.06.24"]
[EventType "team-tourn"]
[EventCountry "POL"]
[SourceTitle "playchess.com"]
[Source "ChessBase"]
[SourceQuality "1"]
[TimeControl "40/5400+30:1800+30"]

1. e4 c5 2. Nf3 e6 3. d4 cxd4 4. Nxd4 Nc6 5. Nc3 Qc7 6. Be3 a6 7. g4 Bb4 8. Nxc6 bxc6 9. Qd4 Be7 10. O-O-O d6 11. g5 e5 12. Qa4 Kf8 13. h4 h6 14. Be2 Bb7 15. Bc4 Qd8 16. Qb3 Qd7 17. Bxf7 Bc8 18. Bxg8 Rxg8 19. gxh6 Qe6 20. hxg7+ Kxg7 21. Rdg1+ Kh7 22. Qb6 Bd7 23. Bg5 Bf8 24. Qe3 Re8 25. Kb1 Bg7 26. Ne2 Qf7 27. Ng3 d5 28. Qe2 Rgf8 29. Nf5 Bxf5 30. exf5 Qxf5 31. Be3 d4 32. Bc1 e4 33. Rg3 Be5 34. Rg5 Qf3 35. Qxa6 Bf6 36. Rgg1 d3 37. Qxc6 Qxf2 38. cxd3 exd3 39. Qd7+ Kh8 40. Qxd3 Re2 41. Qb3 Rc8 42. Rf1 Qd4 43. Rd1 Rxc1+ 44. Kxc1 Qc5+ 45. Kb1 Rxb2+ 46. Qxb2 Bxb2 47. Kxb2 Qb4+ 48. Kc2 Qc4+ 49. Kb2 Qb4+ 50. Kc2 Qa4+ 51. Kb2 Qb4+ 52. Kc2 Qc4+ 53. Kb2 Qb4+ 54. Kc2 Qc4+ 1/2-1/2

[Event "Polish Youth 1st League 2022"]
[Site "Lublin"]
[Date "2022.07.02"]
[Round "8.23"]
[White "Barwinska, Ewa"]
[Black "Starosta, Martyna"]
[Result "1-0"]
[ECO "C88"]
[WhiteElo "1825"]
[BlackElo "1918"]
[Annotator "NA RC"]
[PlyCount "63"]
[EventDate "2022.06.24"]
[EventType "team-tourn"]
[EventCountry "POL"]
[SourceTitle "playchess.com"]
[Source "ChessBase"]
[SourceQuality "1"]
[TimeControl "40/5400+30:1800+30"]

1. e4 e5 2. Nf3 Nc6 3. Bb5 a6 4. Ba4 Nf6 5. O-O Be7 6. Re1 b5 7. Bb3 O-O 8. a4 b4 9. d4 Nxd4 10. Nxd4 exd4 11. e5 Ne8 12. Qxd4 c5 13. Qe4 Rb8 14. Bf4 Nc7 15. Nd2 Bb7 16. Qd3 Ne6 17. Bg3 h5 18. h3 Bh4 19. Ne4 Be7 20. Bc4 a5 21. f4 g6 22. Bh2 Kg7 23. f5 gxf5 24. Nf6 Rh8 25. Qxf5 Kf8 26. Rad1 Bxf6 27. exf6 Rg8 28. Bd6+ Ke8 29. Bxe6 Rxg2+ 30. Kf1 Qb6 31. Bxd7+ Kd8 32. Re8# 1-0

[Event "Polish Youth 1st League 2022"]
[Site "Lublin"]
[Date "2022.07.02"]
[Round "8.24"]
[White "Kulczycka, Zofia"]
[Black "Matuszewska, Kinga"]
[Result "1-0"]
[ECO "C02"]
[WhiteElo "1564"]
[BlackElo "1085"]
[Annotator "NA RC"]
[PlyCount "63"]
[EventDate "2022.06.24"]
[EventType "team-tourn"]
[EventCountry "POL"]
[SourceTitle "playchess.com"]
[Source "ChessBase"]
[SourceQuality "1"]
[TimeControl "40/5400+30:1800+30"]

1. e4 e6 2. d4 d5 3. e5 c5 4. c3 Qb6 5. Nf3 Bd7 6. Bd3 Bb5 7. O-O Nc6 8. Na3 Bxd3 9. Qxd3 cxd4 10. cxd4 a6 11. Nc2 Nge7 12. Ne3 Ng6 13. h4 Be7 14. g3 Bd8 15. Bd2 O-O 16. h5 Nge7 17. Ng5 g6 18. Ng4 Nf5 19. hxg6 hxg6 20. Qf3 Kg7 21. Nf6 Rh8 22. g4 Ncxd4 23. Qd3 Nh4 24. Bc3 Nc6 25. Qg3 Be7 26. Qf4 Qc7 27. Nh5+ gxh5 28. Qxf7+ Kh6 29. Qxh5+ Kg7 30. Qf7+ Kh6 31. Nxe6 Raf8 32. Qh5# 1-0

[Event "Polish Youth 1st League 2022"]
[Site "Lublin"]
[Date "2022.07.02"]
[Round "8.25"]
[White "Szlosarczyk, Hubert"]
[Black "Panek, Bartosz"]
[Result "0-1"]
[ECO "D53"]
[WhiteElo "1650"]
[BlackElo "2022"]
[Annotator "NA RC"]
[PlyCount "74"]
[EventDate "2022.06.24"]
[EventType "team-tourn"]
[EventCountry "POL"]
[SourceTitle "playchess.com"]
[Source "ChessBase"]
[SourceQuality "1"]
[TimeControl "40/5400+30:1800+30"]

1. d4 Nf6 2. c4 e6 3. Nc3 d5 4. Bg5 Be7 5. e3 h6 6. Bh4 O-O 7. Qc2 b6 8. cxd5 Nxd5 9. Nxd5 exd5 10. Bxe7 Qxe7 11. Rc1 Na6 12. Nf3 c5 13. Be2 Nb4 14. Qb1 Qf6 15. b3 Bf5 16. Qb2 Nd3+ 17. Bxd3 Bxd3 18. Ne5 Ba6 19. f4 cxd4 20. Qxd4 Qh4+ 21. g3 Qh5 22. Qd2 d4 23. g4 Qh3 24. exd4 f6 25. Qc3 Qxc3+ 26. Rxc3 fxe5 27. fxe5 Rad8 28. Re3 Rxd4 29. Rg1 Re8 30. g5 Rc8 31. Kf2 Rc2+ 32. Kg3 hxg5 33. e6 Kf8 34. a4 Ke7 35. Rf3 Rd3 36. Rxd3 Bxd3 37. Rd1 Rc3 0-1